 Dungeon Crawl Stone Soup version 0.22-a0-196-gee22f27 (webtiles) character file.

129971 vishdafish the Grim Reaper (level 16, -1/120 HPs)
             Began as a Demonspawn Gladiator on Feb 17, 2018.
             Was the Champion of Yredelemnul.
             Slain by a spiny frog (19 damage)
             ... on level 1 of the Swamp.
             The game lasted 01:16:17 (24815 turns).

vishdafish the Grim Reaper (Demonspawn Gladiator)  Turns: 24815, Time: 01:16:18

Health: -1/120     AC: 10    Str: 15    XL:     16   Next: 51%
Magic:  0/23       EV: 14    Int: 15    God:    Yredelemnul [******]
Gold:   3108       SH:  0    Dex: 16    Spells: 8/27 levels left

rFire    + + +     SeeInvis .     - Unarmed
rCold    . . .     Gourm    .   (no shield)
rNeg     + . .     Faith    .   a - +0 fire dragon scales
rPois    .         Spirit   +   (helmet unavailable)
rElec    .         Reflect  .   (no cloak)
rCorr    .         Harm     .   (gloves unavailable)
MR       +....     Clarity  +   (boots unavailable)
Stlth    +.........             s - amulet of regeneration
HPRegen  0.70/turn              X - ring of protection from cold
MPRegen  0.36/turn              E - ring of positive energy

@: very slow
A: claws 3, horns 3, talons 3, clarity, fire resistance 1, low mp 1, powered by
death 1, magic shield, magic regeneration, flame cloud immunity
a: Recall Undead Slaves, Injury Mirror, Animate Dead, Drain Life, Enslave Soul,
Renounce Religion


You were on level 1 of the Swamp.
You worshipped Yredelemnul.
Yredelemnul was exalted by your worship.
You were not hungry.

You visited 6 branches of the dungeon, and saw 26 of its levels.
You also visited: Bailey and Ice Cave.

You collected 3325 gold pieces.
You spent 217 gold pieces at shops.

Inventory:

Hand Weapons
 b - a +0 arbalest
 Y - the +6 trident "Hyngej" {pierce, +Inv rF+}
   (You found it on level 2 of the Lair of Beasts)

   It inflicts extra damage upon your enemies.
   It protects you from fire.
   It lets you turn invisible.
Missiles
 B - 201 bolts
Armour
 a - +0 fire dragon scales (worn)
 c - the +3 robe of Folly {Archmagi, MR-- Int+5}
   (You found it on level 2 of the Lair of Beasts)

   It affects your intelligence (+5).
   It affects your resistance to hostile enchantments.
 n - a +1 pair of gloves
 Z - a +2 troll leather armour {Snorg}
Jewellery
 e - an uncursed ring of magical power
 l - an uncursed ring of protection from cold
 s - an amulet of regeneration (around neck)
 E - a ring of positive energy (right claw)
 X - a ring of protection from cold (left claw)
Wands
 d - a wand of scattershot (5)
 m - a wand of iceblast (34)
 L - a wand of digging (11)
 M - a wand of random effects (55)
 O - a wand of polymorph (30)
 R - a wand of clouds (8)
 U - a wand of flame (6)
Scrolls
 h - 2 scrolls of magic mapping
 i - 7 scrolls of teleportation
 k - 3 scrolls of immolation
 o - 6 scrolls of enchant armour
 r - 2 scrolls of fog
 u - 4 scrolls of remove curse
 w - a scroll of enchant weapon
 x - 4 scrolls of summoning
 y - 3 scrolls of amnesia
 G - a scroll of vulnerability
 H - 3 scrolls of fear
 J - a scroll of silence
 T - 4 scrolls of identify
 V - a scroll of torment
Potions
 g - 4 potions of berserk rage
 p - 6 potions of flight
 q - 5 potions of brilliance
 t - 4 potions of agility
 v - 5 potions of mutation
 C - 9 potions of curing
 D - 2 potions of resistance
 F - 3 potions of haste
 I - 3 potions of ambrosia
 K - 2 potions of lignification
 N - 2 potions of might
 S - 4 potions of magic
Books
 W - a book of Summonings

   Spells                             Type                      Level
   a - Recall                         Summoning/Translocation      3
   b - Aura of Abjuration             Summoning                    5
   c - Summon Demon                   Summoning                    5
   d - Summon Forest                  Summoning/Translocation      5
   e - Summon Mana Viper              Hexes/Summoning              5
   f - Shadow Creatures               Summoning                    6
Comestibles
 f - 15 rations


   Skills:
 - Level 9.3 Fighting
   Level 2.9 Long Blades
 - Level 9.3 Crossbows
 - Level 2.0 Throwing
 - Level 6.5 Armour
 - Level 8.9 Dodging
 - Level 6.0 Stealth
 - Level 11.1 Unarmed Combat
 - Level 6.0 Spellcasting
 - Level 6.6 Summonings
 * Level 7.6 Transmutations
 - Level 13.0 Invocations
 - Level 10.0 Evocations


You had 8 spell levels left.
You knew the following spells:

 Your Spells              Type           Power        Failure   Level  Hunger
a - Aura of Abjuration    Summ           ###.......   75%         5    ######.
b - Ice Form              Ice/Tmut       ###.....     78%         4    ####...
c - Blade Hands           Tmut           ####......   58%         5    ######.
d - Song of Slaying       Chrm           #.......     67%         2    #......
e - Regeneration          Chrm/Necr      #.........   88%         3    ##.....


Dungeon Overview and Level Annotations

Branches:
Dungeon (15/15)            Temple (1/1) D:5            Lair (6/6) D:10
  Swamp (1/4) Lair:4        Snake (0/4) Lair:2        Slime (0/5) Lair:6
    Orc (2/2) D:11            Elf (0/3) Orc:2        Vaults (0/5) D:14
 Depths (1/5) D:15

Altars:
Ashenzari
Cheibriados
Dithmenos
Elyvilon
Fedhas
Gozag
Hepliaklqana
Kikubaaqudgha
Makhleb
Nemelex Xobeh
Okawaru
Qazlal
Ru
Trog
Uskayaw
Vehumet
Wu Jian
Xom
Yredelemnul
Zin
Beogh

Shops:
D:11 [   D:12 *   D:13 (   D:14 ?   Orc:1 [   Orc:2 ((**


Innate Abilities, Weirdness & Mutations

You have claws for hands.
You have a pair of large horns on your head.
You have claws for feet.
Your flesh is heat resistant. (rF+)
You regenerate a little health from kills.
When hurt, damage is shared between your health and your magic reserves.
You regenerate magic rapidly.
You are immune to clouds of flame.
You possess an exceptional clarity of mind.
Your magical capacity is low. (-10% MP)


Message History

Unknown command.
Press: ? - help, v - describe, . - travel The floor.
You enter the shallow water.
Moving in this stuff is going to be slow.
The swamp drake bites you.
* * * LOW HITPOINT WARNING * * *
Your 12-headed hydra zombie bites the swamp drake!
Your 12-headed hydra zombie closely misses the swamp drake. x2
Your 12-headed hydra zombie bites the swamp drake but does no damage.
Your 12-headed hydra zombie closely misses the swamp drake.
Your 12-headed hydra zombie bites the swamp drake.
Your 12-headed hydra zombie bites the swamp drake!
Your 12-headed hydra zombie bites the swamp drake.
Your 12-headed hydra zombie closely misses the swamp drake.
Your 12-headed hydra zombie bites the swamp drake.
Your 12-headed hydra zombie barely misses the swamp drake. x2
The spiny frog stings you!!
You die...
Your body rises from the dead as a mindless zombie.

♣♣♣≈≈≈.≈...≈.♣
♣♣≈..≈≈≈....≈≈♣ ♣♣♣♣
♣.≈..≈≈≈.♣♣.≈.♣♣♣♣ ♣♣♣..♣
♣♣♣.≈≈..≈≈.♣♣≈≈♣≈..♣♣♣....♣♣
...≈≈≈.≈...♣♣.≈♣≈≈≈.....≈≈≈♣
≈≈≈≈≈≈.≈...♣...≈.≈≈.....≈≈≈.
≈≈≈≈≈≈§..ZZ♣♣..≈.≈≈...≈≈≈≈.≈
≈≈≈≈≈≈≈...Fk§.......§≈≈≈..§♣
..≈≈≈≈...≈.@..≈≈≈).≈≈≈§≈....
♣≈.≈≈≈.♣♣♣♣≈≈.≈≈≈..≈≈≈..≈≈≈.
♣♣♣.≈≈≈ ♣♣♣....≈≈≈.≈≈≈..≈≈≈.
♣♣...(....§≈≈..♣....♣≈...♣
♣♣♣♣♣♣§≈≈≈≈≈...≈≈≈..♣♣♣♣♣
♣§≈≈≈≈≈≈....≈≈≈≈♣♣
♣♣♣♣♣.≈≈≈≈≈≈≈≈.....≈♣
♣....≈≈≈≈≈≈≈≈≈≈^♣≈≈♣♣
♣♣......≈≈≈≈≈≈≈♣♣♣♣♣


You could see a spiny frog, a swamp drake, a friendly 12-headed hydra zombie and
a friendly swamp drake zombie.

Vanquished Creatures
  Gastronok (Lair:2)
  An entropy weaver (Depths:1)
  3 spark wasps (Depths:1)
  Josephine (Lair:6)
  A fire dragon (Lair:6)
  Fannar (Orc:1)
  2 ice dragons (IceCv)
  11 two-headed ogres
  3 hydras
  A catoblepas (Lair:2)
  3 ogre magi (Orc:2)
  2 death yaks
  3 alligators (Swamp:1)
  The ghost of Regeox the Insei, a novice OpFi of Cheibriados (D:10)
  An orc high priest (Orc:2)
  4 skeletal warriors (D:15)
  An unseen horror (D:15)
  An unseen horror (shapeshifter) (D:15)
  Pikel (D:8)
  A wizard (D:14)
  A deep elf mage (D:14)
  A manticore (D:11)
  A cyclops (D:10)
  7 ugly things
  An elephant (Lair:4)
  2 centaur zombies
  3 centaur skeletons
  2 ice statues (IceCv)
  11 spiny frogs
  The ghost of vishdafish the Bolt Thrower, a novice DsHu of Yredelemnul (D:5)
  A gargoyle (D:11)
  4 black mambas
  A spriggan skeleton (Depths:1)
  3 rime drakes
  5 komodo dragons
  2 tengu conjurers (D:15)
  4 trolls
  A tyrant leech (Lair:4)
  A queen bee (shapeshifter) (D:13)
  15 blink frogs
  3 dream sheep (D:4)
  A hornet (D:13)
  3 slime creatures
  A bog body (Swamp:1)
  A dream sheep (shapeshifter) (Depths:1)
  6 hippogriffs
  Grinder (D:5)
  13 yaks
  2 wyverns
  3 wraiths
  4 basilisks
  A hungry ghost (D:9)
  2 steam dragons (Lair:6)
  2 wargs (Orc:2)
  2 swamp worms
  5 porcupines
  9 orc warriors
  8 water moccasins
  A sky beast (D:11)
  The ghost of 4thArraOfDagon the Gusty, an amateur FeWn of Cheibriados (D:9)
  A swamp drake (Swamp:1)
  2 eyes of draining (D:13)
  19 ice beasts
  2 black bears
  3 phantoms
  2 boggarts (Depths:1)
  24 ogres
  A wolf (Lair:3)
  5 centaurs
  3 crocodiles
  3 big kobolds
  9 bullfrogs
  A gnoll sergeant (D:5)
  5 scorpions
  7 killer bees
  8 wights
  An electric eel (Lair:2)
  3 howler monkeys (D:8)
  5 crimson imps
  2 quasits (D:11)
  3 bullfrog zombies
  7 hounds
  14 orc priests
  3 jellies (Lair:6)
  8 iguanas
  Jessica (D:2)
  A bullfrog skeleton (D:8)
  19 orc wizards
  10 worker ants
  3 ogre zombies (D:6)
  A hound skeleton (D:6)
  22 gnolls
  A howler monkey zombie (D:2)
  7 adders
  2 shadow imps
  An adder skeleton (D:4)
  An adder zombie (D:9)
  6 worms
  2 dart slugs
  7 leopard geckos
  59 orcs
  2 giant cockroaches
  4 goblins
  13 hobgoblins
  13 jackals
  26 kobolds
  8 quokkas
  A ball python (D:3)
  9 bats
  9 frilled lizards
  A giant cockroach zombie (D:6)
  4 rats
553 creatures vanquished.

Vanquished Creatures (collateral kills)
  A stone giant (Depths:1)
  A dire elephant (Lair:2)
  Snorg (Lair:4)
  An ettin (Depths:1)
  3 fire dragons
  2 ice dragons
  An ogre mage (Orc:2)
  6 hydras
  A catoblepas (Lair:5)
  6 two-headed ogres
  10 death yaks
  2 tengu warriors (D:15)
  An alligator (Lair:4)
  A deep troll earth mage (Depths:1)
  Sonja (Orc:2)
  A skeletal warrior (D:15)
  A deep troll (Depths:1)
  2 unseen horrors (D:13)
  A swamp dragon (Lair:6)
  An orc knight (Orc:2)
  A sphinx zombie (Depths:1)
  A necromancer (Depths:1)
  An orc sorcerer (Orc:2)
  14 ugly things
  An oklob plant (Lair:4)
  A cyclops (D:12)
  3 elephants (Lair:4)
  2 manticores
  2 centaur zombies
  4 kobold demonologists
  A gargoyle (D:13)
  7 spiny frogs
  3 komodo dragons
  A rime drake (Lair:6)
  A yaktaur (Depths:1)
  A queen bee (D:13)
  A troll (D:14)
  A hornet (D:13)
  2 slime creatures (D:13)
  14 blink frogs
  6 hippogriffs
  A hippogriff (shapeshifter) (D:14)
  A spriggan skeleton (Depths:1)
  3 wraiths
  5 yaks
  4 basilisks
  3 vampire mosquitoes (D:14)
  2 hungry ghosts
  2 water moccasins
  3 acid dragons
  4 porcupines
  11 orc warriors
  2 ice beasts
  A phantom (D:12)
  3 wolves (Lair:3)
  7 ogres (Orc:2)
  A boggart (Depths:1)
  9 crocodiles
  6 bullfrogs
  14 killer bees
  2 electric eels
  5 wights
  A quasit (D:9)
  A hound (D:11)
  4 orc wizards
  2 orc priests
  3 iguanas
  2 worker ants (D:14)
  2 gnolls
  A shadow imp (D:12)
  20 orcs
  2 kobolds
  25 fungi
  23 plants
287 creatures vanquished.

Vanquished Creatures (others)
  A profane servitor (Depths:1)
  2 ghouls (D:15)
  2 skeletal warriors
  An unseen horror (D:15)
  3 flayed ghosts
  2 phantasmal warriors
  A hydra zombie (Lair:6)
  2 dream sheep (D:4)
  10 flying skulls
  4 vampires
  A two-headed ogre zombie (Orc:2)
  A human zombie (Lair:6)
  A spiny frog zombie (Lair:2)
  6 blink frog zombies (Lair:6)
  A hippogriff zombie (Lair:6)
  A komodo dragon zombie (Lair:6)
  A water moccasin zombie (Lair:6)
  A queen bee zombie (D:13)
  A tengu zombie (D:15)
  A wight (Orc:1)
  A bullfrog zombie (D:14)
  2 kobold zombies
  A basilisk zombie (Lair:6)
  A bog body skeleton (Swamp:1)
  A killer bee zombie (D:13)
  2 ogre zombies (Orc:2)
  2 mummies
  An electric eel zombie (Lair:2)
  2 kobold skeletons (D:15)
  2 orc skeletons
  5 orc zombies
  2 fungi
  6 plants
  4 toadstools (Lair:2)
75 creatures vanquished.

Grand Total: 915 creatures vanquished

Notes
Turn   | Place    | Note
-------+----------+-------------------------------------------
     0 | D:1      | vishdafish the Demonspawn Gladiator began the quest for the Orb.
     0 | D:1      | Reached XP level 1. HP: 16/16 MP: 1/1
   412 | D:1      | Gained mutation: You have a pair of small horns on your head. [demonic ancestry]
   412 | D:1      | Reached XP level 2. HP: 21/22 MP: 2/2
  1024 | D:1      | Reached skill level 1 in Unarmed Combat
  1024 | D:1      | Reached XP level 3. HP: 16/27 MP: 3/3
  1194 | D:2      | Reached skill level 1 in Armour
  1203 | D:2      | Noticed Jessica
  1312 | D:2      | Killed Jessica
  1312 | D:2      | Gained mutation: You have sharp toenails. [demonic ancestry]
  1312 | D:2      | Reached XP level 4. HP: 30/33 MP: 4/4
  1812 | D:3      | Noticed a big kobold
  1819 | D:3      | Killed a big kobold
  1819 | D:3      | Gained mutation: When hurt, damage is shared between your health and your magic reserves. [demonic ancestry]
  1819 | D:3      | Reached XP level 5. HP: 38/38 MP: 5/5
  2329 | D:3      | Gained mutation: You have razor-sharp toenails. [demonic ancestry]
  2329 | D:3      | Reached XP level 6. HP: 44/44 MP: 6/6
  3053 | D:4      | Found a sacrificial altar of Ru.
  3077 | D:4      | Gained mutation: You regenerate a little health from kills. [demonic ancestry]
  3077 | D:4      | Reached XP level 7. HP: 40/50 MP: 5/7
  3229 | D:4      | Found a shimmering altar of Xom.
  3229 | D:4      | Noticed a dream sheep
  3229 | D:4      | Noticed a dream sheep
  3229 | D:4      | Noticed a dream sheep
  3229 | D:4      | Noticed a dream sheep
  3229 | D:4      | Noticed a dream sheep
  3231 | D:4      | Killed a dream sheep
  3233 | D:4      | Killed a dream sheep
  3233 | D:4      | Reached skill level 5 in Armour
  3233 | D:4      | Reached skill level 5 in Unarmed Combat
  3234 | D:4      | Killed a dream sheep
  3234 | D:4      | Killed a dream sheep
  3236 | D:4      | Killed a dream sheep
  3911 | D:5      | Entered Level 5 of the Dungeon
  3923 | D:5      | Noticed vishdafish's ghost (novice DsHu)
  3932 | D:5      | Killed vishdafish's ghost
  3932 | D:5      | Gained mutation: You have a pair of horns on your head. [demonic ancestry]
  3932 | D:5      | Reached XP level 8. HP: 56/56 MP: 5/8
  4100 | D:5      | Noticed a hippogriff
  4109 | D:5      | Killed a hippogriff
  4319 | D:5      | Reached skill level 1 in Stealth
  4362 | D:5      | Found a staircase to the Ecumenical Temple.
  4390 | Temple   | Entered the Ecumenical Temple
  4394 | Temple   | Became a worshipper of Yredelemnul the Dark
  4595 | D:5      | Noticed Grinder
  4613 | D:5      | Paralysed by Grinder for 4 turns
  4625 | D:5      | Killed Grinder
  4880 | D:6      | Gained mutation: You regenerate magic rapidly. [demonic ancestry]
  4880 | D:6      | Reached XP level 9. HP: 54/64 MP: 7/9
  5090 | D:6      | Found a transporter.
  5133 | D:6      | Found a transporter.
  5229 | D:6      | Reached * piety under Yredelemnul
  5696 | D:7      | Reached skill level 1 in Evocations
  6100 | D:8      | Found a blossoming altar of Fedhas.
  6100 | D:8      | Found an ancient bone altar of Kikubaaqudgha.
  6338 | D:8      | Noticed Pikel
  6349 | D:8      | Killed Pikel
  6349 | D:8      | Reached skill level 5 in Fighting
  6349 | D:8      | Reached skill level 5 in Dodging
  6349 | D:8      | Reached skill level 5 in Stealth
  6349 | D:8      | Gained mutation: You have claws for feet. [demonic ancestry]
  6349 | D:8      | Reached XP level 10. HP: 74/74 MP: 12/12
  6374 | D:8      | Noticed a two-headed ogre
  6387 | D:8      | Killed a two-headed ogre
  6411 | D:8      | Reached ** piety under Yredelemnul
  6492 | D:8      | Reached skill level 1 in Invocations
  6827 | D:9      | Reached skill level 2 in Invocations
  6856 | D:9      | Noticed an eight-headed hydra
  6887 | D:8      | Killed an eight-headed hydra
  6887 | D:8      | Reached skill level 3 in Invocations
  6972 | D:9      | Noticed 4thArraOfDagon's ghost (amateur FeWn)
  6975 | D:9      | Killed 4thArraOfDagon's ghost
  6990 | D:9      | Paralysed by fainting for 7 turns
  7002 | D:9      | Reached skill level 4 in Invocations
  7507 | D:9      | Reached skill level 5 in Invocations
  7521 | D:9      | Found a shadowy altar of Dithmenos.
  7528 | D:9      | Found an opulent altar of Gozag.
  7631 | D:10     | Entered Level 10 of the Dungeon
  7699 | D:10     | Noticed Regeox's ghost (novice OpFi)
  7969 | D:10     | Killed Regeox's ghost
  7969 | D:10     | Reached skill level 6 in Invocations
  8019 | D:10     | Noticed a cyclops
  8040 | D:10     | Killed a cyclops
  8040 | D:10     | Reached skill level 7 in Invocations
  8187 | D:10     | Reached *** piety under Yredelemnul
  8187 | D:10     | Gained mutation: Your flesh is heat resistant. (rF+) [demonic ancestry]
  8187 | D:10     | Reached XP level 11. HP: 76/83 MP: 16/16
  8519 | D:10     | Found a staircase to the Lair.
  8672 | Lair:1   | Entered Level 1 of the Lair of Beasts
  9349 | D:11     | Noticed a two-headed ogre
  9359 | D:11     | Killed a two-headed ogre
  9359 | D:11     | Reached skill level 5 in Evocations
  9421 | D:11     | Found a staircase to the Orcish Mines.
  9423 | D:11     | Found Laelorus's Armour Emporium.
  9623 | D:11     | Received a gift from Yredelemnul (5 flying skulls)
  9633 | D:11     | Identified the +0 plate armour "Qoomp" {Slay+2} (You found it on level 11 of the Dungeon)
 10131 | D:12     | Found Buwo's Assorted Antiques.
 10140 | D:12     | Bought a wand of paralysis (10) for 36 gold pieces
 10173 | Orc:1    | Entered Level 1 of the Orcish Mines
 10253 | Orc:2    | Entered Level 2 of the Orcish Mines
 10266 | Orc:2    | Noticed Sonja
 10271 | Orc:2    | Killed Sonja
 10412 | Orc:2    | Found a roughly hewn altar of Beogh.
 10459 | Orc:2    | Noticed a two-headed ogre
 10460 | Orc:2    | Noticed an ogre mage
 10460 | Orc:2    | Noticed a two-headed ogre
 10461 | Orc:2    | Noticed a two-headed ogre
 10461 | Orc:2    | Noticed an ogre mage
 10461 | Orc:2    | Noticed a two-headed ogre
 10461 | Orc:2    | Found Ruowatus's Assorted Antiques.
 10461 | Orc:2    | Found Hurree Coyk's Weapon Boutique.
 10461 | Orc:2    | Found Tasimeot's General Store.
 10461 | Orc:2    | Found Zaphumuo's Antique Weapon Shoppe.
 10461 | Orc:2    | Noticed a two-headed ogre
 10461 | Orc:2    | Noticed a two-headed ogre
 10461 | Orc:2    | Noticed a two-headed ogre
 10461 | Orc:2    | Noticed an ogre mage
 10461 | Orc:2    | Noticed an ogre mage
 10467 | Orc:2    | Killed an ogre mage
 10467 | Orc:2    | Reached **** piety under Yredelemnul
 10468 | Orc:2    | Killed a two-headed ogre
 10469 | Orc:2    | Noticed a two-headed ogre
 10470 | Orc:2    | Noticed a two-headed ogre
 10472 | Orc:2    | Killed an ogre mage
 10473 | Orc:2    | Killed a two-headed ogre
 10474 | Orc:2    | Killed a two-headed ogre
 10474 | Orc:2    | Killed a two-headed ogre
 10474 | Orc:2    | Gained mutation: You have sharp fingernails. [demonic ancestry]
 10474 | Orc:2    | Reached XP level 12. HP: 80/92 MP: 11/17
 10474 | Orc:2    | Killed a two-headed ogre
 10475 | Orc:2    | Received a gift from Yredelemnul (a mummy)
 10478 | Orc:2    | Noticed a two-headed ogre
 10480 | Orc:2    | Killed a two-headed ogre
 10482 | Orc:2    | Killed a two-headed ogre
 10485 | Orc:2    | Killed a two-headed ogre
 10496 | Orc:2    | Killed an ogre mage
 10499 | Orc:2    | Noticed a two-headed ogre
 10502 | Orc:2    | Killed a two-headed ogre
 10502 | Orc:2    | Killed an ogre mage
 10503 | Orc:2    | Noticed a two-headed ogre
 10505 | Orc:2    | Your ally Sonja died
 10510 | Orc:2    | Killed a two-headed ogre
 10512 | Orc:2    | Killed a two-headed ogre
 10513 | Orc:2    | Killed a two-headed ogre
 10540 | Orc:2    | Bought 2 potions of curing for 84 gold pieces
 10609 | Orc:2    | Reached skill level 10 in Unarmed Combat
 10722 | Orc:2    | Received a gift from Yredelemnul (a mummy)
 10883 | Orc:2    | Found a staircase to the Elven Halls.
 11104 | Orc:2    | Received a gift from Yredelemnul (a wight)
 11118 | Orc:1    | Noticed an orc high priest
 11173 | Orc:2    | Killed an orc high priest
 11580 | Orc:1    | Received a gift from Yredelemnul (2 flying skulls)
 11588 | Orc:1    | Noticed Fannar
 11603 | Orc:1    | Killed Fannar
 12159 | Lair:1   | Reached XP level 13. HP: 96/101 MP: 18/20
 12307 | Lair:1   | Reached ***** piety under Yredelemnul
 12612 | Lair:2   | Noticed Gastronok
 12627 | Lair:2   | Killed Gastronok
 12631 | Lair:2   | Received a gift from Yredelemnul (a vampire)
 12673 | Lair:2   | Found a staircase to the Snake Pit.
 12809 | Lair:2   | Identified the +6 trident "Hyngej" {pierce, +Inv rF+} (You found it on level 2 of the Lair of Beasts)
 13031 | Lair:2   | Reached skill level 10 in Evocations
 13365 | Lair:2   | Found a runed door.
 13688 | Lair:2   | Noticed a dire elephant
 13689 | Lair:2   | Found the +3 robe of Folly {Archmagi, MR-- Int+5}
 13696 | Lair:2   | Killed a dire elephant
 13696 | Lair:2   | Reached skill level 1 in Crossbows
 13834 | Lair:3   | Learned a level 5 spell: Aura of Abjuration
 13881 | Lair:3   | Received a gift from Yredelemnul (a phantasmal warrior)
 13954 | Lair:3   | Found a frozen archway.
 13964 | IceCv    | Entered an ice cave
 13973 | IceCv    | Reached skill level 1 in Summonings
 13985 | IceCv    | Reached skill level 1 in Spellcasting
 15141 | Lair:3   | Learned a level 4 spell: Ice Form
 15147 | Lair:3   | Learned a level 5 spell: Blade Hands
 15721 | Lair:4   | Found a staircase to the Swamp.
 15761 | Lair:4   | Received a gift from Yredelemnul (a vampire)
 15948 | Lair:4   | Noticed Snorg
 15962 | Lair:4   | Killed Snorg
 16237 | Lair:4   | Received a gift from Yredelemnul (a skeletal warrior)
 16612 | Lair:5   | Reached skill level 5 in Crossbows
 16612 | Lair:5   | Reached XP level 14. HP: 75/108 MP: 13/21
 16699 | Lair:5   | Reached skill level 5 in Summonings
 17020 | Lair:5   | Learned a level 2 spell: Song of Slaying
 17024 | Lair:5   | Learned a level 3 spell: Regeneration
 17435 | Lair:6   | Entered Level 6 of the Lair of Beasts
 17552 | Lair:5   | Reached skill level 5 in Spellcasting
 17609 | Lair:6   | Noticed Josephine
 17614 | Lair:6   | Killed Josephine
 17985 | Lair:6   | Found a staircase to the Slime Pits.
 18130 | Lair:6   | Received a gift from Yredelemnul (a skeletal warrior)
 18133 | Lair:6   | Reached ****** piety under Yredelemnul
 18290 | Lair:6   | Reached skill level 1 in Transmutations
 18296 | Lair:6   | Your ally Josephine died
 18512 | Lair:6   | Received a gift from Yredelemnul (a flayed ghost)
 19184 | D:12     | Received a gift from Yredelemnul (3 flying skulls)
 19725 | D:13     | Received a gift from Yredelemnul (a vampire)
 19763 | D:13     | Received a gift from Yredelemnul (a vampire)
 19887 | D:13     | Paralysed by a hornet for 1 turns
 19897 | D:13     | Received a gift from Yredelemnul (a ghoul)
 20142 | D:13     | Found Senetough's Weapon Shop.
 20416 | D:14     | Found a flagged portal.
 20427 | Bailey   | Entered a bailey
 20679 | Bailey   | Reached skill level 8 in Invocations
 20679 | Bailey   | Gained mutation: You are immune to clouds of flame. [demonic ancestry]
 20679 | Bailey   | Reached XP level 15. HP: 113/113 MP: 21/24
 20852 | D:14     | Received a gift from Yredelemnul (a ghoul)
 20855 | D:14     | Reached skill level 9 in Invocations
 20955 | D:14     | Found a gate to the Vaults.
 21062 | D:14     | Found a white marble altar of Elyvilon.
 21183 | D:14     | Received a gift from Yredelemnul (a flayed ghost)
 21298 | D:14     | Reached skill level 10 in Invocations
 21482 | D:14     | Gained mutation: You have very sharp fingernails. [demonic ancestry]
 21482 | D:14     | Reached XP level 16. HP: 114/120 MP: 23/25
 21493 | D:14     | Found Ipha's Magic Scroll Shoppe.
 21501 | D:14     | Bought a scroll of blinking for 97 gold pieces
 21852 | D:15     | Entered Level 15 of the Dungeon
 21996 | D:15     | Reached skill level 11 in Invocations
 22024 | D:15     | Received a gift from Yredelemnul (a phantasmal warrior)
 22060 | D:15     | Reached skill level 12 in Invocations
 22322 | D:15     | Reached skill level 13 in Invocations
 22323 | D:15     | Received a gift from Yredelemnul (a profane servitor)
 22358 | D:15     | Found a staircase to the Depths.
 22788 | Depths:1 | Entered Level 1 of the Depths
 22994 | Depths:1 | Reached skill level 5 in Transmutations
 23083 | Depths:1 | Received a gift from Yredelemnul (a flayed ghost)
 23927 | Swamp:1  | Entered Level 1 of the Swamp
 24695 | Swamp:1  | Gained mutation: You have supernaturally acute eyesight. (SInv) [potion of mutation]
 24695 | Swamp:1  | Gained mutation: You evolve. [potion of mutation]
 24696 | Swamp:1  | Lost mutation: You evolve. [potion of mutation]
 24696 | Swamp:1  | Lost mutation: You have supernaturally acute eyesight. (SInv) [potion of mutation]
 24696 | Swamp:1  | Gained mutation: Your magical capacity is low. (-10% MP) [potion of mutation]
 24696 | Swamp:1  | Gained mutation: You have a pair of large horns on your head. [potion of mutation]
 24696 | Swamp:1  | Gained mutation: You have claws for hands. [potion of mutation]
 24696 | Swamp:1  | Gained mutation: You possess an exceptional clarity of mind. [potion of mutation]
 24815 | Swamp:1  | Slain by a spiny frog

Vault maps used:
D:1:      nicolae_arrival_memento_mori, corexii_item_surrounded_by_moat,
          corexii_leaking_fountain
D:2:      serial_bayou_pond_e, uniq_jessica
D:3:      corexii_shack_village, kennysheep_generic_room_2
D:4:      nicolae_overflow_crystal_walls, kb_xom_exploding_sheep, first_ration,
          wad_rectangle_vault
D:5:      minmay_temple_entry_statues_pillars, kennysheep_generic_room_10,
          uniq_grinder
D:6:      gammafunk_cloud_chamber
D:8:      grunt_temple_overflow_growth_and_decay, uniq_pikel
D:9:      nicolae_overflow_hidden_temple
D:10:     david_lair_shrubbed
D:11:     orc_david_3, minmay_door_square
D:12:     serial_shops, shop_fountains
D:13:     serial_shops, nicolae_shop_trees, david_nohive_1
D:14:     david_vaults_4, enter_bailey_2, serial_shops, shop, elyvilon_altar_3
D:15:     grunt_enter_depths_hoard, minmay_misc_feat_four_crosses
Temple:   nicolae_temple_x_marks_the_god
Lair:1:   infiniplex_staircase_pool_2, serial_bayou_shore_a, lemuel_fruit_fields
Lair:2:   gammafunk_lair_enchanted_lake, dummy_snake_entry, grunt_megastairs_2,
          uniq_gastronok
Lair:3:   portal_ice_cave_entry_pillars_1
Lair:4:   minmay_swamp_entry_worms, uniq_snorg
Lair:6:   guppyfry_lair_end_dragon, minmay_slime_entry_pillars, uniq_josephine
Swamp:1:  nicolae_swamp_very_dense_foliage
Orc:1:    uniq_fannar
Orc:2:    st_orc_ogre_mass, basic_altar, uniq_sonja
Depths:1: enter_ziggurat_c, nrook_mini_backslash, lightli_too_deep,
          minmay_misc_feat_columns, tso_altar, kennysheep_random_hallway,
          firewood_loft
Bailey:   bailey_axe_2, bailey
IceCv:    ice_cave_small_dragons

Skill      XL: |  1  2  3  4  5  6  7  8  9 10 11 12 13 14 15 16 |
---------------+-------------------------------------------------+-----
Throwing       | 2 |  2.0
Unarmed Combat | 1 2 3 4 6 7 9 10 11 | 11.1
Armour         | 1 2 3 4 6 |  6.5
Dodging        | 3 5 6 7 8 |  8.9
Stealth        | 2 5 6 |  6.0
Fighting       | 3 5 6 7 9 |  9.3
Evocations     | 3 4 7 9 10 | 10.0
Invocations    | 7 8 10 13 | 13.0
Crossbows      | 5 8 9 |  9.3
Summonings     | 4 6 |  6.6
Spellcasting   | 4 6 |  6.0
Transmutations | 4 7 |  7.6
Long Blades    | |  2.9

Action                   |  1- 3 |  4- 6 |  7- 9 | 10-12 | 13-15 | 16-18 || total
-------------------------+-------+-------+-------+-------+-------+-------++-------
Melee: Long sword        |    70 |   172 |       |       |       |       ||   242
       Headbutt          |     6 |    32 |    66 |   116 |   225 |    49 ||   494
       Kick              |       |    53 |    92 |   182 |   331 |    72 ||   730
       Punch             |       |     2 |     9 |    15 |    52 |    10 ||    88
       Unarmed           |       |    16 |   362 |   632 |   924 |   192 ||  2126
       Trident           |       |       |       |       |    20 |    16 ||    36
 Fire: Blowgun           |       |       |       |       |     2 |       ||     2
       Arbalest          |       |       |       |       |       |    24 ||    24
Throw: Throwing net      |       |     1 |     4 |     6 |       |       ||    11
Invok: Animate Remains   |       |       |     2 |     5 |       |       ||     7
       Animate Dead      |       |       |       |    15 |    41 |     4 ||    60
       Recall Undead Sla |       |       |       |     1 |     5 |     4 ||    10
       Drain Life        |       |       |       |       |     1 |     1 ||     2
Evoke: Wand              |       |       |    21 |    15 |     6 |    32 ||    74
  Use: Scroll            |       |     5 |    11 |     7 |    14 |     1 ||    38
       Potion            |       |       |     2 |     5 |     8 |    12 ||    27
 Stab: Paralysed         |       |       |    12 |     7 |     5 |     2 ||    26
       Held in net/web   |       |       |     1 |     1 |       |       ||     2
       Invisible         |       |       |       |     5 |     8 |       ||    13
       Distracted        |       |       |       |     5 |     5 |     4 ||    14
       Sleeping          |       |       |       |       |    10 |     4 ||    14
  Eat: Chunk             |     1 |     6 |    11 |    14 |    15 |     6 ||    53
       Ration            |       |       |       |     6 |    10 |     3 ||    19
Armor: Leather armour    |    15 |       |       |       |       |       ||    15
       Chain mail        |    19 |   128 |   172 |   257 |       |       ||   576
       Skin              |       |       |     5 |       |       |       ||     5
       Plate armour      |       |       |       |   109 |   170 |       ||   279
       Ice dragon scales |       |       |       |       |    14 |       ||    14
       Troll leather arm |       |       |       |       |   142 |    41 ||   183
       Fire dragon scale |       |       |       |       |       |    32 ||    32
Dodge: Dodged            |    38 |    72 |   109 |   271 |   653 |   193 ||  1336
       Rpst.: Long sword |    14 |    18 |       |       |       |       ||    32

Table legend:
 A = Spawn XP
 B = Non-spawn XP
 C = Spawn XP percentage of total XP
 D = Spawn monster count
 E = Non-spawn monster count
 F = Spawn count percentage of total count
 G = Total turns spent on level
                    A         B        C        D         E        F      G
               +---------+---------+-------+---------+---------+-------+---------
         Total |       0 |  137608 |   0.0 |       0 |     793 |   0.0 | 24815
               +---------+---------+-------+---------+---------+-------+---------
           D:1 |       0 |      43 |   0.0 |       0 |      15 |   0.0 |  1085
           D:2 |       0 |     121 |   0.0 |       0 |      24 |   0.0 |   673
           D:3 |       0 |     515 |   0.0 |       0 |      53 |   0.0 |  1232
           D:4 |       0 |     619 |   0.0 |       0 |      19 |   0.0 |   921
           D:5 |       0 |    1431 |   0.0 |       0 |      21 |   0.0 |   838
           D:6 |       0 |     880 |   0.0 |       0 |      28 |   0.0 |   885
           D:7 |       0 |    1080 |   0.0 |       0 |      20 |   0.0 |   442
           D:8 |       0 |    2734 |   0.0 |       0 |      16 |   0.0 |   744
           D:9 |       0 |    1434 |   0.0 |       0 |      21 |   0.0 |   912
          D:10 |       0 |    2399 |   0.0 |       0 |      13 |   0.0 |  1087
          D:11 |       0 |    3846 |   0.0 |       0 |      25 |   0.0 |  1141
          D:12 |       0 |    2015 |   0.0 |       0 |      19 |   0.0 |   789
          D:13 |       0 |    6809 |   0.0 |       0 |      50 |   0.0 |   798
          D:14 |       0 |   10281 |   0.0 |       0 |      52 |   0.0 |  1080
          D:15 |       0 |   15364 |   0.0 |       0 |      42 |   0.0 |  1286
        Lair:1 |       0 |    2758 |   0.0 |       0 |      16 |   0.0 |  1126
        Lair:2 |       0 |    8321 |   0.0 |       0 |      23 |   0.0 |  1257
        Lair:3 |       0 |    4709 |   0.0 |       0 |      26 |   0.0 |  1033
        Lair:4 |       0 |    4973 |   0.0 |       0 |      21 |   0.0 |  1213
        Lair:5 |       0 |    8779 |   0.0 |       0 |      27 |   0.0 |  1111
        Lair:6 |       0 |   15933 |   0.0 |       0 |      61 |   0.0 |  1143
       Swamp:1 |       0 |    5414 |   0.0 |       0 |       9 |   0.0 |   700
         Orc:1 |       0 |    2471 |   0.0 |       0 |      28 |   0.0 |   518
         Orc:2 |       0 |   18498 |   0.0 |       0 |      89 |   0.0 |  1087
      Depths:1 |       0 |   10258 |   0.0 |       0 |      21 |   0.0 |   495
        Bailey |       0 |     352 |   0.0 |       0 |      34 |   0.0 |   376
         IceCv |       0 |    5571 |   0.0 |       0 |      20 |   0.0 |   834
               +---------+---------+-------+---------+---------+-------+---------
